 Dungeon Crawl Stone Soup version 0.30-b1-2-g02819fbbbe (webtiles) character file.

Game seed: 9213100610890207149

24079 funkygono the Severer (level 12, 0/111 HPs)
             Began as a Minotaur Fighter on June 16, 2023.
             Was a High Priest of Okawaru.
             Slain by a 14-headed hydra (7 damage)
             ... on level 5 of the Lair of Beasts on June 18, 2023.
             The game lasted 00:22:37 (12725 turns).

funkygono the Severer (Minotaur Fighter)           Turns: 12725, Time: 00:22:38

Health: 0/111      AC: 28    Str: 25    XL:     12   Next: 77%
Magic:  12/12      EV: 11    Int:  7    God:    Okawaru [*****.]
Gold:   674        SH:  6    Dex: 11    Spells: 11/11 levels left

rFire   . . .        S - +0 broad axe (drain)
rCold   . . .        c - +0 buckler
rNeg    . . .        I - +6 chain mail {ponderous}
rPois   .            K - +2 hat
rElec   .            u - +1 cloak
rCorr   .            t - +1 pair of gloves
SInv    .            m - +2 pair of boots
Will    +....        (no amulet) Stlth
                     E - ring "Usugom" {Will+ Int+2}
HPRegen 0.38/turn    q - +4 ring of slaying
MPRegen 0.13/turn

%: no passive effects
@: slow
A: horns 2, retaliatory headbutt
a: Renounce Religion, Heroism, Finesse, Duel


You were on level 5 of the Lair of Beasts.
You worshipped Okawaru.
Okawaru was extremely pleased with you.
You visited 3 branches of the dungeon, and saw 14 of its levels.
You also visited: Sewer.

You collected 696 gold pieces.
You spent 22 gold pieces at shops.

Inventory:

Hand Weapons
 a - a +0 war axe of protection
 S - a +0 broad axe of draining (weapon)
Missiles
 x - 96 stones (quivered)
 A - a curare-tipped dart
 P - 2 throwing nets
Armour
 c - a +0 buckler (worn)
 m - a +2 pair of boots (worn)
 t - a +1 pair of gloves (worn)
 u - a +1 cloak (worn)
 w - a +4 ring mail of willpower
 I - a +6 chain mail of ponderousness (worn)
 J - a +0 plate armour
 K - a +2 hat (worn)
Jewellery
 b - a ring of poison resistance
 e - a ring of willpower
 n - a +6 ring of dexterity
 q - a +4 ring of slaying (right hand)
 v - a ring of positive energy
 E - the ring "Usugom" (left hand) {Will+ Int+2}
   (You found it on level 6 of the Dungeon)

   [ring of willpower]

   Int:       It affects your intelligence (+2).
   Will:      It increases your willpower.
 F - a +6 ring of strength
 H - a ring of wizardry
Wands
 y - a wand of roots (3)
Scrolls
 f - 10 scrolls of fog
 i - 2 scrolls of identify
 k - 2 scrolls of blinking
 o - 8 scrolls of teleportation
 r - 5 scrolls of magic mapping
 M - a scroll of enchant armour
 O - a scroll of fear
Potions
 d - 6 potions of might
 g - 2 potions of ambrosia
 h - 6 potions of curing
 l - 6 potions of heal wounds
 s - 2 potions of resistance
 z - 4 potions of haste
 B - 4 potions of lignification
 L - a potion of flight
 Q - 2 potions of cancellation
 T - a potion of mutation


   Skills:
 + Level 11.7 Fighting
 + Level 17.0 Axes
 + Level 0.5 Throwing
 + Level 11.7 Armour
 + Level 5.8 Dodging
 + Level 2.5 Stealth
 + Level 9.2 Shields
 + Level 2.2 Invocations


You had 11 spell levels left.
You didn't know any spells.
Your spell library contained the following spells:

 Spells                   Type           Power      Damage    Failure   Level
 Magic Dart               Conj           0%         1d3       90%         1
 Lesser Beckoning         Tloc           0%         N/A       97%         2
 Searing Ray              Conj           0%         2d4       97%         2
 Gell's Gravitas          Tloc           0%         N/A       99%         3
 Teleport Other           Tloc           0%         N/A       99%         3
 Fulminant Prism          Conj/Hex       0%         3d5       100%        4


Dungeon Overview and Level Annotations

Branches:
Dungeon (8/15)             Temple (1/1) D:7            Lair (5/5) D:8
 Shoals (0/4) Lair:3        Snake (0/4) Lair:3        Sewer (visited)
  Slime: Lair:4-5

Altars:
Ashenzari
Cheibriados
Dithmenos
Elyvilon
Fedhas
Gozag
Hepliaklqana
Kikubaaqudgha
Makhleb
Nemelex Xobeh
Okawaru
Qazlal
Ru
Sif Muna
Trog
Uskayaw
Vehumet
Wu Jian
Xom
Yredelemnul
Zin
The Shining One
Ignis
Jiyva
Lugonu

Shops:
D:1 ?


Innate Abilities, Weirdness & Mutations

You have a pair of horns on your head.
You reflexively headbutt those who attack you in melee.


Message History

The 12-headed hydra is moderately wounded.
The 12-headed hydra bites you but does no damage. x2
The 12-headed hydra misses you. The 12-headed hydra bites you.
The 12-headed hydra bites you but does no damage.
The 12-headed hydra bites you.
The 12-headed hydra bites you but does no damage. x2
The 12-headed hydra bites you!
* * * LOW HITPOINT WARNING * * *
The 12-headed hydra bites you but does no damage.
You block the 12-headed hydra's attack. The 12-headed hydra closely misses you.
Unknown command.
You hack one of the 12-headed hydra's heads off!
The 11-headed hydra grows two more!
You slash the 13-headed hydra!
You headbutt the 13-headed hydra, but do no damage.
The 13-headed hydra is heavily wounded.
The 13-headed hydra bites you but does no damage.
The 13-headed hydra closely misses you.
The 13-headed hydra bites you but does no damage. x2
The 13-headed hydra bites you!
* * * LOW HITPOINT WARNING * * *
The 13-headed hydra bites you but does no damage.
The 13-headed hydra barely misses you. x2
The 13-headed hydra bites you but does no damage.
The 13-headed hydra barely misses you.
The 13-headed hydra bites you but does no damage. x2
The 13-headed hydra barely misses you.
You hack one of the 13-headed hydra's heads off!
The 12-headed hydra grows two more!
You slash the 14-headed hydra!
The 14-headed hydra is heavily wounded.
You barely miss the yak. The yak gores you!
* * * LOW HITPOINT WARNING * * *
The 14-headed hydra bites you.
* * * LOW HITPOINT WARNING * * *
The 14-headed hydra bites you but does no damage. x2
You block the 14-headed hydra's attack. The 14-headed hydra bites you.
* * * LOW HITPOINT WARNING * * *
You block the 14-headed hydra's attack.
The 14-headed hydra bites you but does no damage.
The 14-headed hydra bites you!
You die...

#<..†. ###### ##.÷...
#....###...... ..#
##.....[....... ....#
#...........P## .....#
####...........#
.$....#
##.......P..#####
.......##.†.........##
.......#.@...........#
.......$YD........####
.......†.........#.#
......Y[$........###
.....Y.!.......###
..............#.#
...............##
............#..#
^....#.....P####


You could see a 14-headed hydra (drained) and 3 yaks.

Vanquished Creatures
  3 hydras (Lair:4)
  A two-headed ogre (D:8)
  3 death yaks (Lair:4)
  A skyshark (Lair:5)
  6 elephants (Lair:3)
  A black mamba (Lair:5)
  A merfolk siren (Lair:3)
  4 cane toads
  2 rime drakes
  4 komodo dragons
  2 polar bears
  20 blink frogs
  14 dream sheep
  3 wyverns
  2 basilisks
  9 yaks
  2 steam dragons
  3 nagas (Lair:3)
  8 water moccasins
  Duvessa (D:5)
  2 sky beasts (D:8)
  A black bear (D:6)
  2 ogres
  17 wolves
  2 phantoms (D:6)
  A kobold brigand (Sewer)
  8 bullfrogs
  A gnoll sergeant (D:8)
  A scorpion (D:6)
  Dowan (D:5)
  4 killer bees (D:7)
  5 electric eels (D:8)
  3 orc priests
  4 jellies
  2 iguanas
  5 orc wizards
  Robin (D:3)
  5 gnolls (D:8)
  10 adders
  4 river rats (Sewer)
  4 shadow imps
  2 white imps
  An ufetubus (D:5)
  3 worms
  4 dart slugs
  11 orcs
  7 endoplasms
  4 giant cockroaches
  12 goblins
  7 hobgoblins
  5 jackals
  3 quokkas
  9 ball pythons
  5 bats
  8 frilled lizards
  7 kobolds
  8 rats
269 creatures vanquished.

Vanquished Creatures (others)
  17 fungi
  72 plants
89 creatures vanquished.

Grand Total: 358 creatures vanquished

Notes
Turn   | Place    | Note
-------+----------+-------------------------------------------
     0 | D:1      | funkygono the Minotaur Fighter began the quest for the Orb.
     0 | D:1      | Reached XP level 1. HP: 19/19 MP: 0/0
   362 | D:1      | Reached XP level 2. HP: 24/27 MP: 1/1
   405 | D:1      | Found a faded altar of an unknown god.
   572 | D:1      | Found Akkoviem's Magic Scroll Boutique.
   580 | D:1      | Bought a scroll of identify for 22 gold pieces
   735 | D:1      | Reached skill level 3 in Axes
  1503 | D:2      | Reached XP level 3. HP: 33/33 MP: 2/2
  2163 | D:3      | Reached XP level 4. HP: 40/40 MP: 3/3
  2177 | D:3      | Noticed Robin
  2200 | D:3      | Killed Robin
  2201 | D:3      | Reached skill level 4 in Axes
  3355 | D:5      | Entered Level 5 of the Dungeon
  3447 | D:5      | Reached XP level 5. HP: 22/46 MP: 4/4
  3576 | D:5      | Noticed an ogre
  3588 | D:5      | Killed an ogre
  3589 | D:5      | Reached skill level 5 in Axes
  3589 | D:5      | Reached skill level 5 in Armour
  3589 | D:5      | Reached XP level 6. HP: 38/53 MP: 5/5
  3631 | D:5      | Noticed Duvessa
  3642 | D:5      | Killed Duvessa
  3643 | D:5      | Reached skill level 6 in Axes
  3651 | D:5      | Noticed Dowan
  3753 | D:5      | Killed Dowan
  4287 | D:6      | Noticed a water moccasin
  4293 | D:6      | Reached skill level 5 in Fighting
  4293 | D:6      | Reached skill level 1 in Dodging
  4293 | D:6      | Reached XP level 7. HP: 56/61 MP: 6/6
  4297 | D:6      | Reached skill level 7 in Axes
  4396 | D:6      | Found a glowing drain.
  4411 | Sewer    | Entered a sewer
  4419 | Sewer    | Reached skill level 8 in Axes
  4435 | Sewer    | Reached XP level 8. HP: 65/69 MP: 7/7
  5350 | D:6      | Identified the ring "Usugom" {Will+ Int+2}
  5438 | D:6      | Reached skill level 9 in Axes
  5863 | D:7      | Found a staircase to the Ecumenical Temple.
  5923 | Temple   | Entered the Ecumenical Temple
  5944 | Temple   | Became a worshipper of Warmaster Okawaru
  6004 | D:7      | Reached skill level 5 in Shields
  6062 | D:7      | You fall into a shaft and drop 1 floor!
  6169 | D:8      | Reached skill level 1 in Stealth
  6239 | D:8      | Reached skill level 10 in Axes
  6583 | D:7      | Reached XP level 9. HP: 73/75 MP: 8/8
  6587 | D:7      | Reached * piety under Okawaru
  6895 | D:8      | Noticed a two-headed ogre
  6911 | D:8      | Killed a two-headed ogre
  6911 | D:8      | Reached ** piety under Okawaru
  6912 | D:8      | Reached skill level 11 in Axes
  7118 | D:8      | Found a staircase to the Lair.
  8052 | Lair:1   | Entered Level 1 of the Lair of Beasts
  8054 | Lair:1   | Noticed a cane toad
  8062 | Lair:1   | Killed a cane toad
  8063 | Lair:1   | Reached skill level 12 in Axes
  8133 | Lair:1   | Noticed a komodo dragon
  8141 | Lair:1   | Killed a komodo dragon
  8142 | Lair:1   | Reached XP level 10. HP: 54/86 MP: 6/9
  9020 | Lair:2   | Reached *** piety under Okawaru
  9061 | Lair:2   | Reached skill level 13 in Axes
  9316 | Lair:2   | Reached skill level 1 in Invocations
  9451 | Lair:2   | Reached **** piety under Okawaru
  9452 | Lair:2   | Reached skill level 10 in Armour
  9520 | Lair:2   | Noticed a cane toad
  9527 | Lair:2   | Killed a cane toad
  9689 | Lair:2   | You fall into a shaft and drop 1 floor!
  9932 | Lair:3   | Reached XP level 11. HP: 89/95 MP: 8/10
 10005 | Lair:3   | Reached ***** piety under Okawaru
 10006 | Lair:3   | Reached skill level 14 in Axes
 10493 | Lair:3   | Found a staircase to the Shoals.
 10567 | Lair:3   | Reached skill level 15 in Axes
 10639 | Lair:3   | Identified the +1 pair of gloves "Tople" {Str+5} (Okawaru
                  | gifted it to you on level 3 of the Lair of Beasts)
 10639 | Lair:3   | Received a gift from Okawaru
 10640 | Lair:3   | Reached skill level 10 in Fighting
 10640 | Lair:3   | Reached skill level 5 in Dodging
 10726 | Lair:3   | Identified the +2 long sword of Tokhlui {venom, Fly rF+
                  | rC+++ Str-4}
 10938 | Lair:3   | Found a staircase to the Snake Pit.
 11290 | Lair:4   | Noticed a death yak
 11290 | Lair:4   | Noticed a death yak
 11290 | Lair:4   | Noticed a five-headed hydra
 11292 | Lair:4   | Noticed a death yak
 11602 | Lair:4   | Killed a death yak
 11603 | Lair:4   | Reached XP level 12. HP: 91/106 MP: 10/12
 11609 | Lair:4   | Killed a death yak
 11609 | Lair:4   | Killed a death yak
 11610 | Lair:4   | Reached skill level 16 in Axes
 11743 | Lair:4   | Noticed a six-headed hydra
 11750 | Lair:4   | Killed a nine-headed hydra
 11762 | Lair:4   | Killed a 12-headed hydra
 12397 | Lair:5   | Entered Level 5 of the Lair of Beasts
 12409 | Lair:5   | Noticed an eight-headed hydra
 12427 | Lair:4   | Killed a ten-headed hydra
 12655 | Lair:5   | Identified the +2 leather armour of the Eternal Void {rPois
                  | Will+ Dex-5}
 12705 | Lair:5   | Identified the scarf "Xushiot" {rC+ rF+, Dex+3} (Okawaru
                  | gifted it to you on level 5 of the Lair of Beasts)
 12705 | Lair:5   | Received a gift from Okawaru
 12706 | Lair:5   | Reached skill level 17 in Axes
 12707 | Lair:5   | Noticed a seven-headed hydra
 12725 | Lair:5   | Slain by a 14-headed hydra

Illustrated notes

Levels and vault maps discovered:
D:1:      sevenhm_arrival_forest_fort_large_4, layout_basic,
          ebering_ecumenical_altar_hall, serial_shops, shop
D:2:      layout_basic
D:3:      layout_basic, uniq_robin
D:4:      layout_loops_ring
D:5:      layout_rooms, serial_glass, glass_columns_b, glass_columns_b,
          uniq_duvessa
D:6:      layout_basic, cheibrodos_sewer_entry_drain
D:7:      layout_gridville, minmay_temple_entry_large_hall,
          minmay_misc_feat_roman, minivault_24
D:8:      layout_basic, lair_entry_dummy, serial_bayou, serial_bayou_shore_a,
          serial_bayou_pond_c, serial_bayou_lake_a, serial_bayou_lagoon_b
Temple:   hellmonk_choose_your_character
Lair:1:   layout_chaotic_city, minivault_25, eino_small_chamber_without_monster,
          serial_bayou_shore_b
Lair:2:   layout_chaotic_city, serial_bayou_shore_b
Lair:3:   layout_roguey, elwin_shoals_entry_rooms, nicolae_snake_entry_squirm
Lair:4:   layout_roguey, small_statue_intersection
Lair:5:   cheibrodos_lair_end_hotspot, layout_hall_layers,
          dpeg_slime_entry_corner

Skill      XL: |  1  2  3  4  5  6  7  8  9 10 11 12 |
---------------+-------------------------------------+-----
Axes           | 3 4 5 6 8 10 12 13 15 17 | 17.0
Fighting       | 4 5 6 7 8 10 11 | 11.7
Armour         | 4 5 6 7 8 10 11 | 11.7
Shields        | 4 5 6 8 9 |  9.2
Dodging        | 1 2 3 4 5 |  5.8
Stealth        | 1 2 |  2.5
Invocations    | 1 2 |  2.2
Throwing       | |  0.5

Action                     |  1- 3 |  4- 6 |  7- 9 | 10-12 || total
---------------------------+-------+-------+-------+-------++-------
  Melee: War axe           |    95 |    85 |   279 |   257 ||   716
         Headbutt          |     6 |    12 |    45 |    76 ||   139
         Broad axe         |       |       |       |    76 ||    76
  Throw: Stone             |    26 |     2 |       |     2 ||    30
 Invoke: Heroism           |       |       |     1 |    13 ||    14
    Use: Scroll            |     9 |     5 |     9 |     7 ||    30
         Potion            |       |       |       |     1 ||     1
 Armour: Scale mail        |    45 |    32 |       |       ||    77
         Ring mail         |       |    16 |    66 |       ||    82
         Chain mail        |       |       |    43 |   278 ||   321
  Dodge: Dodged            |    37 |    30 |   112 |   193 ||   372
  Block: Buckler           |    20 |    16 |    45 |   138 ||   219
